 Dungeon Crawl Stone Soup version 0.28-a0-1174-g766a6a42ef (webtiles) character file.

Game seed: 52695328899495221

400 kae the Changer (level 6, 0/40 (43) HPs)
             Began as a Demonspawn Transmuter on Dec 16, 2021.
             Slain by Edmund (13 damage)
             ... on level 5 of the Dungeon.
             The game lasted 00:03:00 (5393 turns).

kae the Changer (Demonspawn Transmuter)             Turns: 5393, Time: 00:03:01

HP:   0/40 (43)     AC:  2    Str: 11    XL:     6   Next: 54%
MP:   7/10          EV: 24    Int: 16    God:
Gold: 216           SH:  0    Dex: 20    Spells: 3/11 levels left

rFire   . . .      SeeInvis .     - Unarmed
rCold   . . .      Faith    .   (shield currently unavailable)
rNeg    . . .      Spirit   .   (armour currently unavailable)
rPois   x          Reflect  .   (helmet currently unavailable)
rElec   .          Harm     .   (cloak currently unavailable)
rCorr   .          Rampage  .   (gloves currently unavailable)
Will    .....                   (boots currently unavailable)
Stlth   +++.......              (no amulet)
HPRegen 0.13/turn               (no ring)
MPRegen 0.12/turn               (no ring)

@: agile, spider-form, drained
A: venomous fangs, tiny, thin skeletal structure 1, powered by pain 1, (demonic
touch 1)
a: End Transformation


You were on level 5 of the Dungeon.
You were a venomous arachnid creature.
You visited 1 branch of the dungeon, and saw 5 of its levels.

You collected 216 gold pieces.

Inventory:

Armour
 a - a +0 robe (melded)
Jewellery
 h - the ring "Goymuboc" {Fire Will+}
   (You found it on level 4 of the Dungeon)

   [ring of fire]

   It enhances your fire magic.
   rF:        It protects you from fire.
   rC:        It makes you vulnerable to cold.
   Will:      It increases your willpower.
 m - a ring of fire
Scrolls
 c - a scroll of summoning
 i - a scroll of enchant weapon {unknown}
 j - a scroll of teleportation {unknown}
 k - a scroll of identify
 n - a scroll of noise {unknown}
 o - a scroll of holy word {unknown}
Potions
 b - 2 potions of degeneration {unknown}
 d - a potion of heal wounds
 e - 4 potions of curing
 f - a potion of berserk rage {unknown}
 g - a potion of mutation
 l - a potion of attraction {unknown}


   Skills:
 - Level 1.0 Fighting
 - Level 1.7 Dodging
 - Level 2.6 Unarmed Combat
 - Level 3.0 Spellcasting
 + Level 5.5 Transmutations
 * Level 1.7 Ice Magic
 - Level 1.0 Poison Magic


You had 3 spell levels left.
You knew the following spells:

 Your Spells              Type           Power      Damage    Failure   Level
a - Beastly Appendage     Tmut           40%        N/A       8%          1
b - Spider Form           Tmut/Pois      12%        N/A       32%         3
c - Ice Form              Ice/Tmut       14%        N/A       61%         4

Your spell library contained the following spells:

 Spells                   Type           Power      Damage    Failure   Level
 Wereblood                Tmut           20%        N/A       11%         2
 Summon Small Mammal      Summ           8%         N/A       38%         1
 Call Canine Familiar     Summ           2%         N/A       71%         3
 Summon Guardian Golem    Hex/Summ       2%         N/A       71%         3


Dungeon Overview and Level Annotations

Branches:
Dungeon (5/15)
 Temple: D:4-7

Altars:

Annotations:
D:5 Edmund


Innate Abilities, Weirdness & Mutations

You are a venomous arachnid creature.
You have poisonous fangs.
You are tiny and dextrous.
Your spellcasting is less reliable in this form.
Your armour is entirely melded.
You are incapable of wielding weapons or throwing items.
You have a somewhat thin skeletal structure. (Dex +2, Stealth+)
You sometimes gain a little power by taking damage.
((Your touch may inflict minor irresistible damage on your foes.))


Message History

b - 2 yellow potions (gained 1)
You open the door.
There is an open door here.
Found a stone staircase leading down.
There is a stone staircase leading down here.
There is a stone staircase leading down here.
Edmund the Younger comes into view.
He is wielding a +3 flail of draining and wearing a +1 chain mail of poison resistance.
Edmund shouts!
Edmund is nearby!
Edmund is nearby!
Edmund is nearby!
Edmund gestures with his flail.
Casting: Beastly Appendage (safe; 1% risk of failure)
Confirm with . or Enter, or press ? or * to list all spells.
You turn into a venomous arachnid creature.
Your +0 robe melds into your body.
Edmund hits you with a +3 flail of draining!
You focus on the pain.
You feel agile all of a sudden.
You feel drained.
You are too injured to fight recklessly!
You are too injured to fight recklessly!
You are too injured to fight recklessly!
You are too injured to fight recklessly!
You hit Edmund.
Edmund is poisoned.
Edmund is lightly wounded.
Edmund misses you.
You hit Edmund but do no damage.
Edmund is lightly wounded.
Edmund barely misses you.
You hit Edmund but do no damage.
Edmund is lightly wounded.
Edmund hits you with a +3 flail of draining!
You focus on the pain.
You feel more agile all of a sudden.
You feel drained.
You hit Edmund but do no damage.
Edmund is lightly wounded.
Edmund hits you with a +3 flail of draining!
You die...

...# #.# ...#
#.# ...# #.#
...# #.#
...########
#.#
...........
#.#
...########.
#.#
...#........
#.#
...#'#########
#s#
.......†......
#@#
.......######
#.#
.......#...
#.#
...#.......
#.#
...###.#.####
#.#
.......#.....
...
###.......###
#.#
+..).......


You could see Edmund (very poisoned).

Vanquished Creatures
  A necrophage (D:4)
  An ogre (D:5)
  2 hounds
  An orc priest (D:3)
  3 gnolls (D:3)
  2 adders
  A worm (D:3)
  4 orcs (D:3)
  3 ball pythons
  6 endoplasms
  2 giant cockroaches
  11 goblins
  7 hobgoblins
  8 jackals
  2 quokkas (D:1)
  6 bats
  12 frilled lizards
  6 kobolds
  7 rats
85 creatures vanquished.

Vanquished Creatures (others)
  4 fungi (D:1)
  8 plants
12 creatures vanquished.

Grand Total: 97 creatures vanquished

Notes
Turn   | Place    | Note
-------+----------+-------------------------------------------
     0 | D:1      | kae the Demonspawn Transmuter began the quest for the Orb.
     0 | D:1      | Reached XP level 1. HP: 15/15 MP: 3/3
    82 | D:1      | Reached skill level 2 in Transmutations
   318 | D:1      | Gained mutation: You have a somewhat thin skeletal
                  | structure. (Dex +2, Stealth+) [demonic ancestry]
   318 | D:1      | Reached XP level 2. HP: 20/21 MP: 3/5
   723 | D:1      | Found a faded altar of an unknown god.
  1129 | D:2      | Reached XP level 3. HP: 24/26 MP: 4/6
  1328 | D:2      | Learned a level 3 spell: Spider Form
  1599 | D:2      | Reached skill level 3 in Transmutations
  2711 | D:3      | Reached XP level 4. HP: 22/32 MP: 5/8
  3400 | D:3      | Reached skill level 4 in Transmutations
  3409 | D:3      | Gained mutation: Your touch may inflict minor irresistible
                  | damage on your foes. [demonic ancestry]
  3409 | D:3      | Reached XP level 5. HP: 16/37 MP: 6/9
  4423 | D:4      | Noticed a necrophage
  4439 | D:4      | Killed a necrophage
  4440 | D:4      | Reached skill level 5 in Transmutations
  4440 | D:4      | Gained mutation: You sometimes gain a little power by
                  | taking damage. [demonic ancestry]
  4440 | D:4      | Reached XP level 6. HP: 22/43 MP: 7/10
  4681 | D:4      | Identified the ring "Goymuboc" {Fire Will+}
  4701 | D:4      | Learned a level 4 spell: Ice Form
  5132 | D:5      | Entered Level 5 of the Dungeon
  5140 | D:5      | Reached skill level 1 in Ice Magic
  5140 | D:5      | Reached skill level 1 in Poison Magic
  5385 | D:5      | Noticed Edmund
  5393 | D:5      | Slain by Edmund

Illustrated notes

Levels and vault maps discovered:
D:1:      saegor_arrival_miasma, layout_basic,
          shapermc_ecumenical_altar_mp_urbaneastern
D:2:      layout_basic, nicolae_figureground_pulse
D:3:      layout_loops_ring, minmay_lizard_king
D:4:      layout_cave_pools
D:5:      layout_basic, gammafunk_ghost_smash, uniq_ijyb, uniq_edmund

Skill      XL: |  1  2  3  4  5  6 |
---------------+-------------------+-----
Transmutations | 2 3 4 5 |  5.5
Spellcasting   | 3 |  3.0
Ice Magic      | 1 |  1.7
Poison Magic   | 1 |  1.0
Fighting       | |  1.0
Dodging        | |  1.7
Unarmed Combat | |  2.6

Action                   |  1- 3 |  4- 6 || total
-------------------------+-------+-------++-------
Melee: Unarmed           |   120 |   123 ||   243
       Kick              |    16 |     6 ||    22
       Headbutt          |    10 |     3 ||    13
       Touch             |       |     3 ||     3
 Cast: Beastly Appendage |    29 |    13 ||    42
       Spider Form       |     1 |     9 ||    10
  Use: Scroll            |     5 |     3 ||     8
 Stab: Sleeping          |     6 |     3 ||     9
Armor: Robe              |    17 |    11 ||    28
       Skin              |     1 |     5 ||     6
Dodge: Dodged            |    80 |    78 ||   158

Table legend: (Time is in decaauts)
 A = Elapsed time spent in this place.
 B = Non-inter-level travel time spent in this place.
 C = Inter-level travel time spent in this place.
 D = Time resting spent in this place.
 E = Time spent auto-exploring this place.
 F = Levels seen in this place.
 G = Mean time per level.
                   A        B        C        D        E       F      G
               +--------+--------+--------+--------+--------+-----+--------+
         Total |   5383 |   5334 |     49 |    877 |   3717 |   5 | 1076.6 |
       Dungeon |   5383 |   5334 |     49 |    877 |   3717 |   5 | 1076.6 |
               +--------+--------+--------+--------+--------+-----+--------+

Top non-repeatable levels by time:
     D:2: 1762 daAuts
     D:3: 1465 daAuts
     D:1: 1116 daAuts
     D:4: 779 daAuts
     D:5: 259 daAuts
